 Dungeon Crawl Stone Soup version 0.29.1-15-g9cfb28693d (webtiles) character file.

Game seed: 5529532697940739257

263 turtlewat the Grave Robber (level 5, -6/36 HPs)
             Began as a Demonspawn Necromancer on Apr 19, 2023.
             Killed from afar by an orc wizard (9 damage)
             ... with a puff of flame
             ... on level 5 of the Dungeon.
             The game lasted 00:36:02 (2263 turns).

turtlewat the Grave Robber (Demonspawn Necromancer) Turns: 2263, Time: 00:36:06

Health: -6/36      AC:  5    Str: 10    XL:     5   Next: 97%
Magic:  10/10      EV: 10    Int: 18    God:
Gold:   255        SH:  7    Dex: 14    Spells: 3/11 levels left

rFire   . . .      SeeInvis .   h - +1 hand axe (venom) {magic}
rCold   . . .      Faith    .   m - +0 kite shield
rNeg    . . .      Spirit   .   a - +0 robe
rPois   .          Reflect  .   (no helmet)
rElec   .          Harm     .   (no cloak)
rCorr   .          Rampage  .   g - +0 pair of gloves
Will    .....                   d - +1 pair of boots
Stlth   ++........              (no amulet)
HPRegen 0.12/turn               (no ring)
MPRegen 0.12/turn               (no ring)

@: on berserk cooldown, hasted and slowed
A: hooves 1, big brain 1, demonic magic 2
a: no special abilities


You were on level 5 of the Dungeon.
You visited 1 branch of the dungeon, and saw 5 of its levels.

You collected 255 gold pieces.

Inventory:

Hand Weapons
 h - a +1 hand axe of venom (weapon) {magic}
Missiles
 i - 26 stones
Armour
 a - a +0 robe (worn)
 d - a +1 pair of boots (worn)
 g - a +0 pair of gloves (worn)
 m - a +0 kite shield (worn)
Jewellery
 t - a ring of poison resistance
Wands
 q - a wand of light (8)
Scrolls
 c - a scroll of identify {unknown}
 l - a scroll of teleportation
 p - a scroll of amnesia {unknown}
 r - a scroll of enchant armour {unknown}
 s - a scroll of fog {unknown}
Potions
 b - a potion of magic
 e - 2 potions of might {unknown}
 f - 3 potions of curing {unknown}
 k - 2 potions of heal wounds {unknown}
 n - a potion of flight {unknown}


   Skills:
 + Level 0.6 Fighting
 * Level 1.1(1.3) Axes
 * Level 1.0(1.2) Maces & Flails
 + Level 2.0 Dodging
 + Level 2.0 Stealth
 + Level 3.8 Spellcasting
 + Level 6.0 Necromancy


You had 3 spell levels left.
You knew the following spells:

 Your Spells              Type           Power      Damage    Failure   Level
a - Necrotise             Necr           100%       1d9       4%          1
b - Vampiric Draining     Necr           25%        2d7       14%         3
c - Animate Dead          Necr           25%        N/A       43%         4

Your spell library contained the following spells:

 Spells                   Type           Power      Damage    Failure   Level
 Dazzling Flash           Conj/Hex       6%         N/A       86%         3
 Agony                    Necr           25%        N/A       78%         5
 Silence                  Hex/Air        1%         N/A       100%        5


Dungeon Overview and Level Annotations

Branches:
Dungeon (5/15)
 Temple: D:4-7

Altars:
Ru
Uskayaw


Innate Abilities, Weirdness & Mutations

You have large cloven feet.
You have an unusually large brain. (Int +2)
Spells you cast may paralyse nearby enemies.


Message History

Something hits your orc priest skeleton.
There is a stone staircase leading down here.
Are you sure you want to stumble around while confused and next to your orc priest skeleton?
Something hits your orc priest skeleton.
Are you sure you want to stumble around while confused and next to your orc priest skeleton?
You're too confused to move!
You feel less confused.
A puff of flame appears from out of thin air!
The puff of flame hits your orc priest skeleton!
Your orc priest skeleton is destroyed!
Something hits you but does no damage. Something hits you.
* * * LOW HITPOINT WARNING * * *
Something hits you but does no damage.
You closely miss something. Something hits you but does no damage.
Something hits you.
* * * LOW HITPOINT WARNING * * *
It was a potion of haste.
You feel yourself speed up.
You hear some strange, mumbled words.
You are confused.
It was a potion of berserk rage.
A red film seems to cover your vision as you go berserk!
You feel yourself moving faster!
You feel mighty! Something hits you.
* * * LOW HITPOINT WARNING * * *
You feel a strong urge to attack something.
Things that are here:
a +0 whip; 6 stones You bump into the rock wall.
You feel your anger nearly subside.
You are no longer berserk.
You are exhausted.
You feel yourself slow down.
An orc wizard appears from thin air!
Reactivating autopickup.
You are too injured to fight recklessly!
You slash the orc wizard!
The orc wizard is poisoned.
The orc wizard is severely wounded.
You feel less confused.
The orc wizard hits you but does no damage.
The orc wizard points at you and mumbles some strange words.
The puff of flame hits you!
You die...

#..........#
#.###.####.# #.# #.#
#.# #.###.# #.#
#.....###..# #.###.#
.#.. #.# #.# #..#
##.###.. ..#
#.)@#######.#
#.#..o.......#######.
#.##.##.#####.........
#. #.))..>............
# ####.##############
#.## <.# ###


You could see an orc wizard (very poisoned).

Vanquished Creatures
  A scorpion (D:4)
  A hound (D:4)
  2 orc priests
  An adder (D:3)
  An ufetubus (D:4)
  3 dart slugs
  3 orcs
  3 ball pythons
  3 endoplasms
  11 goblins
  9 hobgoblins
  2 kobolds
  4 quokkas
  3 bats
  A frilled lizard (D:3)
  7 rats
55 creatures vanquished.

Vanquished Creatures (collateral kills)
  An orc priest (D:4)
  2 orcs (D:5)
  2 goblins (D:3)
5 creatures vanquished.

Grand Total: 60 creatures vanquished

Notes
Turn   | Place    | Note
-------+----------+-------------------------------------------
     0 | D:1      | turtlewat the Demonspawn Necromancer began the quest for
                  | the Orb.
     0 | D:1      | Reached XP level 1. HP: 13/13 MP: 3/3
   462 | D:1      | Gained mutation: You have large cloven feet. [demonic
                  | ancestry]
   462 | D:1      | Reached XP level 2. HP: 16/19 MP: 0/5
  1202 | D:3      | Reached skill level 5 in Necromancy
  1202 | D:3      | Gained mutation: Spells you cast may paralyse adjacent
                  | enemies. [demonic ancestry]
  1202 | D:3      | Reached XP level 3. HP: 24/24 MP: 1/6
  1588 | D:4      | Noticed a scorpion
  1594 | D:4      | Killed a scorpion
  1595 | D:4      | Gained mutation: You have an unusually large brain. (Int
                  | +2) [demonic ancestry]
  1595 | D:4      | Reached XP level 4. HP: 30/30 MP: 3/8
  1702 | D:4      | Gained mutation: Spells you cast may paralyse nearby
                  | enemies. [demonic ancestry]
  1702 | D:4      | Reached XP level 5. HP: 24/36 MP: 4/10
  1781 | D:4      | Learned a level 3 spell: Vampiric Draining
  1785 | D:4      | Found a sacrificial altar of Ru.
  1978 | D:4      | Noticed a +0 falchion
  1979 | D:4      | Noticed a +0 short sword
  1979 | D:4      | Noticed a +0 dagger
  1979 | D:4      | Noticed a +0 spear
  1980 | D:4      | Noticed a +0 falchion
  1980 | D:4      | Noticed a +0 dagger
  1981 | D:4      | Noticed a +0 short sword
  1982 | D:4      | Noticed a +0 spear
  1987 | D:4      | Found a hide-covered altar of Uskayaw.
  2042 | D:4      | Reached skill level 1 in Axes
  2152 | D:4      | Learned a level 4 spell: Animate Dead
  2154 | D:5      | Entered Level 5 of the Dungeon
  2225 | D:5      | Reached skill level 1 in Maces & Flails
  2234 | D:5      | Reached skill level 6 in Necromancy
  2263 | D:5      | Killed from afar by an orc wizard

Illustrated notes

Levels and vault maps discovered:
D:1:      wander_arrival_lonely_grave, layout_loops_ring
D:2:      layout_loops_ring, chequers_arboretum
D:3:      cheibrodos_greedy_goblins, layout_loops_cross,
          hellmonk_ecumenical_altar_watching_god, minmay_misc_feat_four_crosses,
          minmay_cut_off
D:4:      layout_basic, mainiacjoe_overflow_paths, nicolae_uskayaw_en_pointe
D:5:      cheibrodos_two_vegetables, layout_loops_ring,
          nicolae_qazlal_style_of_elements, uniq_crazy_yiuf_cottage

Skill      XL: |  1  2  3  4  5 |
---------------+----------------+-----
Necromancy     | 5 6 |  6.0
Spellcasting   | 3 |  3.8
Dodging        | 2 |  2.0
Stealth        | 2 |  2.0
Axes           | 1 |  1.1
Maces & Flails | 1 |  1.0
Fighting       | |  0.6

Action                   |  1- 3 |  4- 6 || total
-------------------------+-------+-------++-------
Melee: Hand axe          |    34 |    16 ||    50
       Kick              |     7 |     2 ||     9
       Punch             |     1 |       ||     1
 Cast: Necrotise         |    61 |    19 ||    80
  Use: Scroll            |     2 |       ||     2
       Potion            |       |     2 ||     2
 Stab: Paralysed         |       |     1 ||     1
       Sleeping          |       |     1 ||     1
Armor: Robe              |    10 |    11 ||    21
Dodge: Dodged            |    37 |    11 ||    48
Block: Kite shield       |       |     3 ||     3
